 Seeded DCSS version 0.30-a0-937-ga0a21ad780 (webtiles) character file.

Game seed: 14888120050964983059 (custom seed)

74 Pimp the Caller (level 4, -3/30 HPs)
             Began as a Barachi Summoner on Mar 24, 2023.
             Killed by divine providence
             ... invoked by an orc priest
              (11 damage)
             ... on level 3 of the Dungeon.
             The game lasted 00:12:22 (2631 turns).

Pimp the Caller (Barachi Summoner)                  Turns: 2631, Time: 00:12:23

Health: -3/30      AC:  8    Str: 15    XL:     4   Next: 30%
Magic:  14/17      EV: 12    Int: 18    God:
Gold:   649        SH:  0    Dex: 12    Spells: 3/8 levels left

rFire   . . .      SeeInvis +    d - +0 short sword
rCold   + . .      Faith    .    (no shield)
rNeg    + . .      Spirit   .    a - +0 robe
rPois   +          Reflect  .    e - +0 helmet
rElec   .          Rampage  .    (no cloak)
rCorr   .          Archmagi +    n - +0 pair of gloves
Will    .....                    r - +3 pair of boots of Kindness {rC+ Str+6}
Stlth   ++                       (no amulet)
HPRegen 0.25/turn                u - ring of the Mage {Wiz Archmagi}
MPRegen 0.15/turn                t - ring "Sewnovabb" {rPois rN+ MP+9 SInv}

@: about to teleport, weak-willed, slow
A: amphibious, slowness 1, strong legs 1, +LOS
a: Hop


You were on level 3 of the Dungeon.
You visited 1 branch of the dungeon, and saw 3 of its levels.

You collected 1210 gold pieces.
You spent 561 gold pieces at shops.

Inventory:

Hand Weapons
 d - a +0 short sword (weapon)
Armour
 a - a +0 robe (worn)
 e - a +0 helmet (worn)
 n - a +0 pair of gloves (worn)
 r - the +3 pair of boots of Kindness (worn) {rC+ Str+6}
   (You acquired it on level 3 of the Dungeon)

   Str:       It affects your strength (+6).
   rC:        It protects you from cold.
Jewellery
 g - a +6 ring of strength
 o - a ring of willpower
 t - the ring "Sewnovabb" (right hand) {rPois rN+ MP+9 SInv}
   (You acquired it on level 3 of the Dungeon)

   [ring of poison resistance]

   rPois:     It protects you from poison.
   rN:        It protects you from negative energy.
   MP:        It affects your magic capacity (+9).
   SInv:      It lets you see invisible.
 u - the ring of the Mage (left hand) {Wiz Archmagi}
   (You bought it in a shop on level 3 of the Dungeon)

   [ring of wizardry]

   It improves your spell success rate.
   Archmagi:  It increases the power of your magical spells.
 x - a ring of poison resistance
Wands
 v - a wand of digging (3)
Scrolls
 c - 4 scrolls of identify
 f - a scroll of magic mapping
 h - a scroll of vulnerability
 j - a scroll of fear {unknown}
 k - a scroll of fog {unknown}
 l - a scroll of silence {unknown}
 q - a scroll of brand weapon {unknown}
Potions
 b - a potion of magic
 m - 3 potions of curing
 p - a potion of invisibility {unknown}
 s - a potion of degeneration {unknown}
 w - a potion of heal wounds {unknown}


   Skills:
 + Level 3.0 Dodging
 + Level 2.6 Stealth
 + Level 2.9 Spellcasting
 + Level 5.4 Summonings


You had 3 spell levels left.
You knew the following spells:

 Your Spells              Type           Power      Damage    Failure   Level
a - Summon Small Mammal   Summ           100%       N/A       1%          1
b - Olgreb's Toxic Radia  Pois           3%         N/A       52%         4

Your spell library contained the following spells:

 Spells                   Type           Power      Damage    Failure   Level
 Call Imp                 Summ           33%        N/A       1%          2
 Call Canine Familiar     Summ           33%        N/A       2%          3
 Summon Guardian Golem    Hex/Summ       18%        N/A       6%          3
 Sting                    Tmut/Pois      12%        1d3       7%          1
 Cigotuvi's Dreadful Rot  Necr/Pois/Air  6%         N/A       11%         2
 Poisonous Vapours        Pois/Air       6%         N/A       11%         2
 Mephitic Cloud           Conj/Pois/Air  3%         N/A       21%         3
 Summon Lightning Spire   Summ/Air       18%        N/A       21%         4


Dungeon Overview and Level Annotations

Branches:
Dungeon (3/15)

Altars:

Shops:
D:1 :   D:3 =


Innate Abilities, Weirdness & Mutations

You are amphibious.
You cover ground slowly.
You can hop short distances.
You have an extended range of vision and can be seen from far away.


Message History

Your quokka's corpse disappears in a puff of smoke!
The orc attacks as you move away! The orc hits you but does no damage.
Casting: Summon Small Mammal (safe; 1% risk of failure)
Confirm with . or Enter, or press ? or * to list all spells.
You feel a surge of power! The orc barely misses you.
The orc priest hits your rat with a +0 war axe!
Your rat dies!
Your rat's corpse disappears in a puff of smoke!
The orc priest hits something with a +0 war axe.
You closely miss the orc.
The orc is moderately wounded.
The orc priest looks encouraged for a moment.
The orc hits you but does no damage.
Casting: Summon Small Mammal (safe; 1% risk of failure)
Confirm with . or Enter, or press ? or * to list all spells.
You feel a surge of power! The orc barely misses you.
The orc priest calls down the wrath of Beogh upon you.
Beogh smites you!
The orc priest calls upon Beogh to heal the orc.
The orc's wounds heal themselves!
You swap places.
Your quokka bites the orc but does no damage.
The orc closely misses your quokka.
Your quokka misses the orc. The orc closely misses your quokka.
Your quokka barely misses the orc.
The orc priest invokes the aid of Beogh against you.
Beogh smites you!
* * * LOW HITPOINT WARNING * * *
As you read the scroll labelled IMMAIPOTHRU, it crumbles to dust.
You feel aware of your surroundings.
It was a scroll of magic mapping.
Your quokka closely misses the orc.
The orc closely misses your quokka.
As you read the scroll labelled HOBBID GEISMAG, it crumbles to dust.
Magic quickly surges around you.
It was a scroll of vulnerability.
Your quokka barely misses the orc.
The orc completely misses your quokka.
As you read the scroll labelled HORAAL FOLLUO, it crumbles to dust.
You feel strangely unstable.
It was a scroll of teleportation.
Your quokka barely misses the orc.
The orc priest invokes the aid of Beogh against you.
Beogh smites you!
You die...

##.#.....#############......##..
#.>.............................
#....###.######.....##..........
#....# #....###.....########.##.
#....#####....#.....# #...##.
####....##....#.....######.####.
#.............).....†........
##....#(...#.....############
#.........#@......########..
#########.#.####............
#.#r# #..########.. #.#o#
#..#******#.. ***** #.#o#
#..#,,,,,..##
*,,[####.#o####..#,****#.*
*,,..o...#oo.wr..#,*,,<*,*
****,,,####..w......#,*,***,*
*,,,,,,#.......!^...#,*,,,*,*


You could see a worm (weak-willed), an orc priest (weak-willed), 4 orcs and a
friendly quokka (summoned, weak-willed).

Vanquished Creatures
  An adder (D:2)
  2 dart slugs
  2 ball pythons (D:2)
  A bat (D:1)
  A giant cockroach (D:3)
  3 goblins (D:2)
  A jackal (D:1)
  A quokka (D:3)
  A frilled lizard (D:3)
  2 kobolds
  A rat (D:3)
16 creatures vanquished.

Vanquished Creatures (collateral kills)
  3 dart slugs
  An orc (D:3)
  4 endoplasms
  3 giant cockroaches
  2 goblins
  3 hobgoblins
  2 jackals (D:1)
  4 kobolds
  A quokka (D:1)
  4 ball pythons
  2 bats (D:2)
  2 frilled lizards (D:1)
  3 rats
34 creatures vanquished.

Grand Total: 50 creatures vanquished

Notes
Turn   | Place    | Note
-------+----------+-------------------------------------------
     0 | D:1      | Pimp the Barachi Summoner began the quest for the Orb.
     0 | D:1      | Reached XP level 1. HP: 13/13 MP: 3/3
   138 | D:1      | Found Fitz's Book Shoppe.
   175 | D:1      | Reached XP level 2. HP: 19/19 MP: 3/5
   193 | D:1      | Reached skill level 5 in Summonings
   329 | D:1      | Found a faded altar of an unknown god.
   497 | D:1      | Reached XP level 3. HP: 20/24 MP: 2/6
  1116 | D:2      | Identified the +2 dagger of Fragile Peace {drain, rN+++
                  | Str+3 Int-3 Dex-3}
  1874 | D:2      | Reached XP level 4. HP: 30/30 MP: 8/8
  2299 | D:3      | Found Irhayteu's Jewellery Boutique.
  2302 | D:3      | Identified 3 scrolls of acquirement
  2302 | D:3      | Acquired the ring "Sewnovabb" {rPois rN+ MP+9 SInv}
  2303 | D:3      | Acquired the +3 pair of boots of Kindness {rC+ Str+6}
  2304 | D:3      | Acquired 1073 gold pieces
  2350 | D:3      | Bought the ring of the Mage {Wiz Archmagi} for 561 gold
                  | pieces
  2350 | D:3      | Found the ring of the Mage {Wiz Archmagi}
  2396 | D:3      | Learned a level 4 spell: Olgreb's Toxic Radiance
  2631 | D:3      | Killed from afar by an orc priest

Illustrated notes

Levels and vault maps discovered:
D:1:      elethiomel_arrival_maze, layout_loops_ring, serial_shops,
          nicolae_lakefront_shop, hellmonk_ecumenical_altar_arch_garden,
          nicolae_concentric_dashed_squares_mild
D:2:      layout_basic
D:3:      layout_basic, serial_shops, nicolae_shop_stone

Skill      XL: |  1  2  3  4 |
---------------+-------------+-----
Stealth        | 2 |  2.6
Summonings     | 5 |  5.4
Dodging        | 3 |  3.0
Spellcasting   | |  2.9

Action                     |  1- 3 |  4- 6 || total
---------------------------+-------+-------++-------
  Melee: Short sword       |    79 |    48 ||   127
   Cast: Summon Small Mamm |    36 |    22 ||    58
    Use: Scroll            |       |     7 ||     7
   Stab: Distracted        |     1 |     1 ||     2
 Armour: Robe              |    43 |    23 ||    66
  Dodge: Dodged            |   107 |    40 ||   147

Table legend: (Time is in decaauts)
 A = Elapsed time spent in this place.
 B = Non-inter-level travel time spent in this place.
 C = Inter-level travel time spent in this place.
 D = Time resting spent in this place.
 E = Time spent auto-exploring this place.
 F = Levels seen in this place.
 G = Mean time per level.
                   A        B        C        D        E       F      G
               +--------+--------+--------+--------+--------+-----+--------+
         Total |   3047 |   2828 |    219 |    107 |   1960 |   3 | 1015.7 |
       Dungeon |   3047 |   2828 |    219 |    107 |   1960 |   3 | 1015.7 |
               +--------+--------+--------+--------+--------+-----+--------+

Top non-repeatable levels by time:
     D:2: 1371 daAuts
     D:1: 1209 daAuts
     D:3: 466 daAuts
